 Dungeon Crawl Stone Soup version 0.31-a0-626-g8143ab4f1d (webtiles) character file.

Game seed: 7242119760708529178

5228 Dittersdorf the Blocker (level 10, -3/66 HPs)
             Began as a Gargoyle Fighter on Aug 24, 2023.
             Was a Priest of Okawaru.
             Shot with an arrow by a centaur warrior (18 damage)
             ... on level 8 of the Dungeon.
             The game lasted 00:12:14 (7294 turns).

Dittersdorf the Blocker (Gargoyle Fighter)          Turns: 7294, Time: 00:12:14

Health: -3/66      AC: 22    Str: 25    XL:     10   Next: 61%
Magic:  10/10      EV: 10    Int: 10    God:    Okawaru [***...]
Gold:   601        SH:  6    Dex:  9    Spells: 9/9 levels left

rFire   . . .        h - +5 eveningstar (drain)
rCold   . . .        c - +1 buckler
rNeg    + . .        v - +7 ring mail of the Barber Surgeon {Regen+ Int+2}
rPois   ∞            (no helmet)
rElec   +            (no cloak)
rCorr   +            (no gloves)
SInv    +            x - +0 pair of boots
Will    .....        (no amulet) Stlth
                     o - ring of resist corrosion
HPRegen 1.11/turn    k - ring of see invisible
MPRegen 0.12/turn

%: no passive effects
@: no status effects
A: sickness immunity, AC +7, negative energy resistance 1, electricity
resistance, torment resistance 1, petrification resistance
a: Renounce Religion, Heroism


You were on level 8 of the Dungeon.
You worshipped Okawaru.
Okawaru was most pleased with you.
You visited 2 branches of the dungeon, and saw 9 of its levels.
You also visited: Sewer.

You collected 1103 gold pieces.
You spent 502 gold pieces at shops.

Inventory:

Hand Weapons
 h - a +5 eveningstar of draining (weapon)
Missiles
 p - 42 poisoned darts (quivered)
Armour
 c - a +1 buckler (worn)
 v - the +7 ring mail of the Barber Surgeon (worn) {Regen+ Int+2}
   (You bought it in a shop on level 3 of the Dungeon)

   Int+2:     It affects your intelligence (+2).
   Regen+:    It increases your rate of health regeneration.
 x - a +0 pair of boots (worn)
Jewellery
 k - a ring of see invisible (right hand)
 o - a ring of resist corrosion (left hand)
Wands
 a - a wand of acid (2)
 e - a wand of iceblast (15)
 l - a wand of paralysis (12)
Scrolls
 g - 2 scrolls of enchant armour
 m - a scroll of teleportation
Potions
 b - a potion of brilliance
 d - 3 potions of might
 f - 4 potions of curing
 i - 2 potions of cancellation
 j - 3 potions of heal wounds
 n - 2 potions of magic
 r - a potion of ambrosia {unknown}
 s - 2 potions of resistance {unknown}
 t - a potion of haste {unknown}
 u - a potion of attraction {unknown}
 w - 2 potions of berserk rage {unknown}


   Skills:
 + Level 9.1 Fighting
 + Level 8.0 Maces & Flails
 + Level 9.1 Armour
 + Level 9.1 Shields


You had 9 spell levels left.
You didn't know any spells.
Your spell library contained the following spells:

 Spells                   Type           Power      Damage    Failure   Level
 Slow                     Hex            0%         N/A       52%         1
 Confusing Touch          Hex            0%         N/A       88%         3
 Dazzling Flash           Conj/Hex       0%         N/A       88%         3
 Vampiric Draining        Necr           0%         2d6       88%         3
 Volatile Blastmotes      Fire/Tloc      0%         2d10      88%         3
 Starburst                Conj/Fire      0%         6d3       100%        6
 Borgnjor's Revivificati  Necr           0%         N/A       100%        8
 Maxwell's Capacitive Co  Air            0%         ∞         100%        8
 Death's Door             Necr           0%         N/A       100%        9
 Haunt                    Necr/Summ      Unusable   N/A       N/A         7

Dungeon Overview and Level Annotations

Branches:
Dungeon (8/15)             Temple (1/1) D:6           Sewer (visited)
   Lair: D:8-11

Altars:
Ashenzari
Cheibriados
Dithmenos
Elyvilon
Fedhas
Gozag
Hepliaklqana
Makhleb
Nemelex Xobeh
Okawaru
Qazlal
Ru
Sif Muna
Trog
Uskayaw
Vehumet
Wu Jian
Xom
Yredelemnul
Zin
The Shining One

Shops:
D:3 [


Innate Abilities, Weirdness & Mutations

You are immune to sickness and miasma.
Your stone body is resilient. (AC +7)
You are immune to poison.
You resist negative energy. (rN+)
You are resistant to electric shocks. (rElec)
You are resistant to unholy torment.
You are immune to petrification.


Message History

The arrow hits you but does no damage.
You closely miss the wight.
The wight is severely damaged.
The wight hits you but does no damage.
A boulder beetle comes into view.
The wight barely misses you.
The centaur warrior shoots an arrow.
You block the arrow.
You barely miss the wight.
The wight is severely damaged.
The centaur warrior shoots an arrow.
The arrow hits you! The wight hits you but does no damage.
You block the wight's attack.
The centaur warrior shoots an arrow.
The arrow hits you but does no damage.
You are too injured to fight recklessly!
You are too injured to fight recklessly!
You are too injured to fight recklessly!
You are too injured to fight recklessly!
You are too injured to fight recklessly!
You are too injured to fight recklessly!
You are too injured to fight recklessly!
You are too injured to fight recklessly!
You are too injured to fight recklessly!
You are too injured to fight recklessly!
You are too injured to fight recklessly!
You are too injured to fight recklessly!
You are too injured to fight recklessly!
You are too injured to fight recklessly!
You are too injured to fight recklessly!
You are too injured to fight recklessly!
You are too injured to fight recklessly!
You are too injured to fight recklessly!
Found 22 gold pieces.
The centaur warrior shoots an arrow.
You block the arrow.
The centaur warrior shoots an arrow.
The arrow hits you.
The centaur warrior shoots an arrow.
The arrow hits you!
* * * LOW HITPOINT WARNING * * *
The centaur warrior shoots an arrow.
You block the arrow.
The centaur warrior shoots an arrow.
The arrow hits you!
* * * LOW HITPOINT WARNING * * *
The centaur warrior shoots an arrow.
The arrow hits you!!
You die...

#.. .................# ..#
###......................###
.#####.#.......................#.
.....#.......###.................
..............##.......##........
.............###........#....<...
........................#.#....#.
.........c..............#......##
................@...........##...
...###'###..................##...
..##.Fzz.##..................#...
.##.#...#.##..........#.....##.>.
##. ##.## B##.$.....####....#....
#. ### .#....####.###....#..# #
#..#....#........#### +
+.#..#...........## #
#.........###


You could see a centaur warrior.

Vanquished Creatures
  A two-headed ogre (D:8)
  4 slime creatures (D:8)
  3 wyverns (D:8)
  A steam dragon (D:6)
  Menkaure (D:4)
  An acid dragon (D:8)
  2 water moccasins (D:6)
  A sky beast (D:7)
  3 orc warriors
  3 black bears
  An ogre (D:6)
  6 centaurs
  3 kobold brigands
  A bullfrog (D:8)
  2 gnoll sergeants
  4 jellies
  3 scorpions
  A wight (D:8)
  An electric eel (D:7)
  2 vampire bats (D:7)
  3 hounds
  An orc priest (D:8)
  A gnoll bouda (D:8)
  4 iguanas
  8 orc wizards
  13 gnolls
  9 adders
  9 river rats
  A shadow imp (D:8)
  2 ufetubi
  2 worms (D:2)
  2 dart slugs
  26 orcs
  10 endoplasms
  3 giant cockroaches
  7 goblins
  A hobgoblin (D:4)
  3 jackals (D:2)
  3 quokkas
  17 ball pythons
  10 bats
  A frilled lizard (D:1)
  16 kobolds
  20 rats
216 creatures vanquished.

Notes
Turn   | Place    | Note
-------+----------+-------------------------------------------
     0 | D:1      | Dittersdorf the Gargoyle Fighter began the quest for the
                  | Orb.
     0 | D:1      | Reached XP level 1. HP: 14/14 MP: 1/1
   259 | D:1      | Reached XP level 2. HP: 19/19 MP: 2/2
   882 | D:2      | Reached XP level 3. HP: 23/23 MP: 3/3
  1284 | D:2      | Reached XP level 4. HP: 29/29 MP: 4/4
  1664 | D:3      | Found Qipanil's Armour Emporium.
  1772 | D:3      | Found a sparkling altar of Nemelex Xobeh.
  1780 | D:3      | You fall into a shaft and drop 3 floors!
  1789 | D:6      | Found a snail-covered altar of Cheibriados.
  1804 | D:6      | Noticed a black bear
  1889 | D:6      | Noticed a scorpion
  1896 | D:6      | Killed a scorpion
  1897 | D:6      | Reached XP level 5. HP: 34/34 MP: 5/5
  1994 | D:5      | Entered Level 5 of the Dungeon
  2046 | D:4      | Reached XP level 6. HP: 28/39 MP: 6/6
  2123 | D:4      | Identified a scroll of acquirement
  2123 | D:4      | Acquired a +4 eveningstar of draining
  2315 | D:4      | Reached skill level 5 in Fighting
  2383 | D:4      | Reached skill level 5 in Shields
  2404 | D:4      | Found a glowing drain.
  2410 | Sewer    | Entered a sewer
  2429 | Sewer    | Reached skill level 5 in Armour
  2432 | Sewer    | Reached XP level 7. HP: 29/44 MP: 7/7
  3141 | D:4      | Acquired 602 gold pieces
  3519 | D:4      | Found an ornate altar of the Wu Jian Council.
  3521 | D:4      | Noticed Menkaure
  3526 | D:4      | Killed Menkaure
  4277 | D:3      | Bought the +7 ring mail of the Barber Surgeon {Regen+
                  | Int+2} for 502 gold pieces
  4388 | D:5      | Reached XP level 8. HP: 51/51 MP: 8/8
  4398 | D:5      | Found a shimmering altar of Xom.
  4398 | D:5      | Found a hazy altar of Hepliaklqana.
  4403 | D:5      | Found a glowing silver altar of Zin.
  4405 | D:5      | Found a broken altar of Ashenzari.
  4406 | D:5      | Found a basalt altar of Yredelemnul.
  4619 | D:5      | Reached skill level 5 in Maces & Flails
  5350 | D:6      | Found a staircase to the Ecumenical Temple.
  5355 | Temple   | Entered the Ecumenical Temple
  5381 | Temple   | Became a worshipper of Warmaster Okawaru
  5496 | D:6      | Reached XP level 9. HP: 40/57 MP: 9/9
  5811 | D:6      | Found a shimmering blue altar of Sif Muna.
  5835 | D:6      | Found a hide-covered altar of Uskayaw.
  6122 | D:7      | Reached * piety under Okawaru
  6810 | D:8      | Reached ** piety under Okawaru
  6911 | D:8      | Reached XP level 10. HP: 59/64 MP: 10/10
  6930 | D:8      | Reached *** piety under Okawaru
  7193 | D:8      | Noticed a two-headed ogre
  7202 | D:8      | Killed a two-headed ogre
  7279 | D:8      | Noticed a centaur warrior
  7283 | D:8      | Noticed a boulder beetle
  7294 | D:8      | Shot with an arrow by a centaur warrior

Illustrated notes

Levels and vault maps discovered:
D:1:      amcnicky_arrival_abandoned_market, layout_loops_corners, minivault_24
D:2:      layout_basic
D:3:      layout_loops_ring, mainiacjoe_overflow_boulevard, serial_shops, shop,
          kennysheep_another_room
D:4:      layout_basic, kennysheep_little_box, portal_sewer_entry_e,
          uniq_menkaure
D:5:      nicolae_cairo_tiling_very_big, layout_basic,
          chequers_temple_overflow_minitemple, minmay_stone_trees_medium,
          st_stairs_1, kb_lookout_dungeons_type
D:6:      layout_gridville, mainiacjoe_overflow_two_lobes,
          mainiacjoe_overflow_24_doors, temple_doors_ab
D:7:      layout_loops_ring, columned_hall_lemuel,
          hangedman_abyss_or_decor_passed, minmay_misc_feat_doors,
          nrook_pool_corridor, roderic_batcave
D:8:      minmay_the_grid_octo_triangle [minmay_the_grid_octo_clover_2,
          minmay_the_grid_octo_prize_ultimate_mussel_roller,
          minmay_the_grid_octo_concentric], layout_cave_pools, minivault_19,
          minmay_alternating_orb
Temple:   hellmonk_temple_of_storms

Skill      XL: |  1  2  3  4  5  6  7  8  9 10 |
---------------+-------------------------------+-----
Fighting       | 4 5 7 8 9 |  9.1
Shields        | 4 5 7 8 9 |  9.1
Armour         | 4 5 7 8 9 |  9.1
Maces & Flails | 3 4 5 7 8 |  8.0

Action                     |  1- 3 |  4- 6 |  7- 9 | 10-12 || total
---------------------------+-------+-------+-------+-------++-------
  Melee: Flail             |    96 |    62 |       |       ||   158
         Eveningstar       |       |    46 |   305 |    75 ||   426
  Throw: Dart              |       |     4 |       |       ||     4
    Use: Scroll            |       |    11 |    10 |     1 ||    22
 Armour: Chain mail        |    66 |    63 |    93 |       ||   222
         Ring mail         |       |       |   170 |    54 ||   224
  Dodge: Dodged            |    32 |    53 |   187 |    38 ||   310
  Block: Buckler           |    20 |    36 |   123 |    25 ||   204

Table legend: (Time is in decaauts)
 A = Elapsed time spent in this place.
 B = Non-inter-level travel time spent in this place.
 C = Inter-level travel time spent in this place.
 D = Time resting spent in this place.
 E = Time spent auto-exploring this place.
 F = Levels seen in this place.
 G = Mean time per level.
                   A        B        C        D        E       F      G
               +--------+--------+--------+--------+--------+-----+--------+
         Total |   7466 |   7090 |    376 |    101 |   5117 |  10 |  746.6 |
       Dungeon |   6643 |   6311 |    332 |    101 |   4584 |   8 |  830.4 |
        Temple |     46 |      2 |     44 |      0 |      0 |   1 |   46.0 |
         Sewer |    777 |    777 |      0 |      0 |    533 |   1 |  777.0 |
               +--------+--------+--------+--------+--------+-----+--------+

Top non-repeatable levels by time:
     D:4: 980 daAuts
     D:7: 961 daAuts
     D:6: 892 daAuts
     D:1: 884 daAuts
     D:5: 877 daAuts
     D:2: 808 daAuts
   Sewer: 777 daAuts
     D:3: 743 daAuts
     D:8: 495 daAuts
  Temple: 46 daAuts
